Map: Tempio ghiacciato

Players

Jhyrachy - Winner!

  • Race: Zerg Zerg
  • League: Gold

Northstar

  • Race: Terran Terran
  • League: Gold

VOD

Have the link to the VOD?

Description

Time

  • Played on: April 18, 2016, 9:49 a.m.
  • Length: 10:05
Show
View Real Time Build Order
Export as new Build Order

Jhyrachy Zerg - Winner!

Build Orders: Pool First 

Get SALT Encoding   

  12  0:02  Drone  
  13  0:10  Drone  
  14  0:17  Overlord  
  14  0:36  Drone x3  
  17  0:51  Spawning Pool  
  17  0:52  Drone  
  17  0:53  Extractor  
  16  1:09  Drone  
  17  1:12  Overlord  
  17  1:23  Drone  
  18  1:34  Drone  
  19  1:40  Queen  
  19  1:43  Zergling x2  
  22  1:56  Zergling x2  
  23  2:03  Zergling x2  
  24  2:15  Metabolic Boost  
  24  2:21  Hatchery  
  23  2:36  Drone  
  23  2:37  Zergling x4  
  26  2:51  Lair  
  26  2:54  Drone  
  26  2:56  Extractor  
  25  3:37  Zergling x2  
  25  3:38  Zergling x6  
  27  3:51  Queen, Spine Crawler  
  27  3:55  Zergling x10  
  27  3:56  Zergling x2  
  30  4:42  Drone  
  30  4:43  Drone x5  
  31  4:54  Zergling x2  
  31  4:55  Zergling x2  
  32  5:06  Spine Crawler  
  30  5:18  Drone x5  
  35  5:23  Spire  
  32  5:56  Zergling x2  
  33  5:57  Zergling x6  
  33  5:58  Overlord x3  
  33  6:00  Queen  
  30  6:24  Queen  
  20  6:35  Mutalisk x5  
  30  6:54  Drone  
  30  6:55  Drone x6  
  37  7:26  Drone  
  37  7:27  Drone x5  
  41  8:00  Zergling x18  
  37  8:11  Zergling x6  
  37  8:12  Queen  
  30  8:48  Queen  
  30  8:51  Spine Crawler  
  28  9:23  Queen  
  30  9:28  Zergling x12  
  30  9:29  Zergling x18  
Show
View Real Time Build Order
Export as new Build Order

Northstar Terran 

Build Orders:  

Get SALT Encoding   

  12  0:00  SCV  
  13  0:13  SCV  
  14  0:22  Supply Depot  
  14  0:25  SCV  
  15  0:34  Refinery  
  15  0:44  SCV  
  16  0:52  Barracks  
  16  1:22  Barracks  
  16  1:25  Barracks  
  16  1:41  SCV  
  16  1:42  Refinery  
  16  1:45  Reaper  
  18  1:53  SCV  
  19  2:14  Reaper  
  21  2:28  Reaper  
  20  2:44  Bunker  
  20  2:47  Supply Depot  
  20  2:52  Reaper x2  
  22  3:03  Reaper  
  23  3:24  Reaper x2  
  25  3:35  Reaper  
  26  3:56  Reaper  
  27  4:07  Reaper  
  27  4:11  Reaper  
  25  4:35  Reaper  
  26  4:39  Reaper  
  24  4:53  Reaper  
  24  5:08  Reaper  
  24  5:11  Reaper  
  26  5:22  Command Center, Supply Depot  
  26  5:23  SCV  
  26  5:25  Reaper  
  28  5:36  SCV  
  28  5:40  Reaper  
  30  5:48  SCV  
  31  5:51  Reaper  
  32  5:57  Reaper  
  32  6:12  Reaper  
  33  6:24  Reaper  
  33  6:29  Reaper  
  33  6:31  SCV  
  35  6:43  SCV  
  35  6:44  Reaper  
  36  6:55  SCV  
  36  7:01  SCV  
  39  7:07  SCV  
  41  7:10  Supply Depot  
  41  7:13  SCV  
  40  7:18  Marine x2  
  40  7:19  Marine  
  40  7:20  SCV  
  42  7:25  SCV  
  43  7:36  Marine x3  
  41  7:54  Marine x3  
  34  8:12  Marine x3  
  22  8:29  Marine  
  22  8:30  Marine x2  
  22  8:47  Marine x2  
  22  8:48  Marine  
  22  9:05  Marine x3  
  21  9:23  Marine x3  
Tags
 
Add a new tag
Caveats
  • Supply blocks, unpowered buildings, or Contaminate may cause inaccurate times.
  • Supply counts are checked every 10 seconds.